 Dungeon Crawl Stone Soup version 0.23.1 (webtiles) character file.

Game seed: 0

975 esteth the Thaumaturge (level 7, -1/36 HPs)
             Began as a Deep Elf Conjurer on Mar 5, 2019.
             Was a Believer of Vehumet.
             Shot with an arrow by a centaur (9 damage)
             ... on level 5 of the Dungeon.
             The game lasted 00:15:38 (5914 turns).

esteth the Thaumaturge (Deep Elf Conjurer)          Turns: 5914, Time: 00:15:39

Health: -1/36      AC:  6    Str:  5    XL:     7   Next: 95%
Magic:  20/21      EV: 12    Int: 22    God:    Vehumet [**....]
Gold:   332        SH:  0    Dex: 15    Spells: 21/24 levels left

rFire    . . .     SeeInvis .   n - +1 short sword (elec)
rCold    . . .     Gourm    .   (no shield)
rNeg     . . .     Faith    .   m - +0 leather armour
rPois    .         Spirit   .   p - +2 helmet
rElec    .         Reflect  .   (no cloak)
rCorr    .         Harm     .   (no gloves)
MR       .....                  (no boots)
Stlth    ++........             (no amulet)
HPRegen  0.12/turn              l - ring of flight
MPRegen  0.17/turn              (no ring)

@: no status effects
A: no striking features
a: Renounce Religion, Evoke Flight


You were on level 5 of the Dungeon.
You worshipped Vehumet.
Vehumet was pleased with you.
You were not hungry.

You visited 1 branch of the dungeon, and saw 5 of its levels.

You collected 332 gold pieces.

Inventory:

Hand Weapons
 f - a +1 short sword of holy wrath
 n - a +1 short sword of electrocution (weapon)
Armour
 a - a +0 robe
 g - a +0 buckler
 m - a +0 leather armour (worn)
 p - a +2 helmet (worn)
Jewellery
 i - an uncursed ring of positive energy {unknown}
 l - a ring of flight (left hand)
Scrolls
 b - a scroll of amnesia {unknown}
 d - a scroll of random uselessness {unknown}
 e - a scroll of teleportation {unknown}
 h - 3 scrolls of noise {unknown}
 j - 2 scrolls of magic mapping {unknown}
 k - 2 scrolls of enchant armour {unknown}
 r - a scroll of fog {unknown}
 s - a scroll of identify
 v - a scroll of blinking {unknown}
Potions
 o - 2 potions of degeneration {unknown}
 q - a potion of curing {unknown}
 t - a potion of lignification {unknown}
 w - a potion of resistance {unknown}
 x - a potion of agility {unknown}
Comestibles
 c - 7 rations
 u - 2 chunks of flesh


   Skills:
 - Level 2.4 Dodging
 - Level 2.4 Stealth
 + Level 9.0 Spellcasting
 + Level 8.4 Conjurations


You had 21 spell levels left.
You knew the following spells:

 Your Spells              Type           Power        Failure   Level  Hunger
a - Magic Dart            Conj           ####         1%          1    None
b - Searing Ray           Conj           #####.       1%          2    None

Your spell library contained the following spells:

 Spells                   Type           Power        Failure   Level  Hunger
 Throw Frost              Conj/Ice       ####..       3%          2    None
 Iskenderun's Mystic Bla  Conj           #####...     3%          4    ##.....
 Dazzling Spray           Conj/Hex       ####..       6%          3    None
 Force Lance              Conj/Tloc      ####....     21%         4    ##.....
 Fulminant Prism          Conj/Hex       ####......   21%         4    ##.....


Dungeon Overview and Level Annotations

Branches:
Dungeon (5/15)
 Temple: D:4-7

Altars:
Kikubaaqudgha
Sif Muna
Vehumet

Shops:
D:4 %


Message History

Press: ? - help, Shift-Dir - straight line, f - centaur
Aim: a centaur (resting)
The magic dart hits the centaur.
The centaur is moderately wounded.
The centaur shouts!
The centaur wields a +0 shortbow.
The centaur shoots an arrow.
The arrow hits you!
Casting: Magic Dart (safe; 1% risk of failure)
Confirm with . or Enter, or press ? or * to list all spells.
Aiming: Magic Dart (safe; 1% risk of failure)
Press: ? - help, Shift-Dir - straight line, f/p - centaur
Aim: a centaur, wielding a +0 shortbow (moderately wounded)
The magic dart hits the centaur.
The centaur is heavily wounded.
The centaur shoots an arrow.
The arrow hits you.
The centaur shoots an arrow.
The arrow hits you!
* * * LOW HITPOINT WARNING * * *
Okay, then.
The centaur shoots an arrow.
The arrow hits you!
You die...

## ## #####
##.#### #.#
....###
#.....###.#
......# #......#
......#
#......##
......#
#....@..#
.....##
##...#...##
.....#
#...##....#
....##
#..####...##
....# ##.##
##..(# ...##
##.## #...# ..##
##.## ##...#
..## ##..# #.c.#
...####..#######
##...


You could see a centaur.

Vanquished Creatures
  An ice beast (D:5)
  An ogre (D:4)
  A centaur (D:5)
  Blork the orc (D:4)
  3 howler monkeys
  A bullfrog zombie (D:5)
  A hound (D:5)
  A jelly (D:3)
  2 orc wizards (D:3)
  A bullfrog skeleton (D:5)
  2 worker ants
  2 hound zombies (D:5)
  2 hound skeletons (D:5)
  Robin (D:4)
  5 adders
  3 shadow imps
  12 oozes
  6 worms
  2 dart slugs
  4 leopard geckos
  5 orcs (D:3)
  4 giant cockroaches
  15 goblins
  11 hobgoblins
  4 jackals (D:4)
  10 kobolds
  A ball python (D:1)
  9 bats
  A frilled lizard (D:4)
  A jackal skeleton (D:4)
  6 rats
119 creatures vanquished.

Vanquished Creatures (others)
  A fungus (D:3)
  10 toadstools (D:3)
11 creatures vanquished.

Grand Total: 130 creatures vanquished

Notes
Turn   | Place    | Note
-------+----------+-------------------------------------------
     0 | D:1      | esteth the Deep Elf Conjurer began the quest for the Orb.
     0 | D:1      | Reached XP level 1. HP: 10/10 MP: 6/6
   172 | D:1      | Reached XP level 2. HP: 15/15 MP: 2/8
   818 | D:2      | Reached skill level 4 in Spellcasting
   823 | D:2      | Reached skill level 5 in Conjurations
   827 | D:2      | Reached XP level 3. HP: 19/19 MP: 2/10
  1085 | D:2      | Reached XP level 4. HP: 24/24 MP: 3/12
  1614 | D:2      | Found an ancient bone altar of Kikubaaqudgha.
  1755 | D:2      | Reached skill level 5 in Spellcasting
  1814 | D:3      | Found a radiant altar of Vehumet.
  1878 | D:3      | Became a worshipper of Vehumet
  2124 | D:3      | Found a deep blue altar of Sif Muna.
  2376 | D:3      | Learned a level 2 spell: Searing Ray
  2395 | D:3      | Reached XP level 5. HP: 28/28 MP: 3/14
  3269 | D:3      | Reached skill level 6 in Spellcasting
  3271 | D:3      | Reached * piety under Vehumet
  3271 | D:3      | Offered knowledge of Flame Tongue by Vehumet.
  3650 | D:3      | Reached XP level 6. HP: 32/32 MP: 5/17
  3926 | D:4      | Noticed Blork the orc
  3939 | D:4      | Killed Blork the orc
  4155 | D:4      | Found Seguadgh's Food Boutique.
  4231 | D:4      | Noticed Robin
  4258 | D:4      | Killed Robin
  4484 | D:4      | Reached skill level 7 in Spellcasting
  4612 | D:4      | Offered knowledge of Throw Frost by Vehumet.
  4612 | D:4      | Reached XP level 7. HP: 36/36 MP: 15/20
  4618 | D:4      | Reached ** piety under Vehumet
  5145 | D:5      | Entered Level 5 of the Dungeon
  5260 | D:4      | Reached skill level 8 in Spellcasting
  5832 | D:5      | Reached skill level 9 in Spellcasting
  5914 | D:5      | Shot with an arrow by a centaur

Skill      XL: |  1  2  3  4  5  6  7 |
---------------+----------------------+-----
Spellcasting   | 4 5 6 7 9 |  9.0
Conjurations   | 5 6 7 8 |  8.4
Dodging        | |  2.4
Stealth        | |  2.4

Action                   |  1- 3 |  4- 6 |  7- 9 || total
-------------------------+-------+-------+-------++-------
Melee: Unarmed           |     2 |     8 |       ||    10
 Cast: Magic Dart        |    59 |   119 |    64 ||   242
       Searing Ray       |       |    23 |     8 ||    31
  Use: Scroll            |     1 |     3 |     1 ||     5
  Eat: Chunk             |       |     8 |     4 ||    12
       Ration            |       |     1 |       ||     1
Armor: Leather armour    |       |     5 |    10 ||    15
Dodge: Dodged            |     4 |    39 |    34 ||    77
